 Dungeon Crawl Stone Soup version 0.30-a0-125-g51eefa89be (webtiles) character file.

Game seed: 7797899006064577111

35 bande the Trooper (level 3, -3/33 HPs)
             Began as a Hill Orc Fighter on Sept 19, 2022.
             Killed from afar by Sigmund (5 damage)
             ... with a magic dart
             ... on level 2 of the Dungeon.
             The game lasted 00:02:09 (1303 turns).

bande the Trooper (Hill Orc Fighter)                Turns: 1303, Time: 00:02:09

Health: -3/33      AC:  8    Str: 18    XL:     3   Next: 33%
Magic:  3/3        EV:  9    Int:  8    God:
Gold:   75         SH:  0    Dex: 12    Spells: 2/2 levels left

rFire   . . .      SeeInvis .    a - +0 war axe
rCold   . . .      Faith    .    c - +0 buckler
rNeg    . . .      Spirit   .    b - +0 scale mail
rPois   .          Reflect  .    (no helmet)
rElec   .          Harm     .    (no cloak)
rCorr   .          Rampage  .    g - +0 pair of gloves
Will    .....                    (no boots)
Stlth   ..........               (no amulet)
HPRegen 0.11/turn                (no ring)
MPRegen 0.08/turn                (no ring)

@: confused, mighty
A: no striking features
a: no special abilities


You were on level 2 of the Dungeon.
You visited 1 branch of the dungeon, and saw 2 of its levels.

You collected 75 gold pieces.

Inventory:

Hand Weapons
 a - a +0 war axe (weapon)
Armour
 b - a +0 scale mail (worn)
 c - a +0 buckler (worn)
 g - a +0 pair of gloves (worn)
Jewellery
 f - a ring of fire
Potions
 e - a potion of magic {unknown}


   Skills:
 + Level 4.1 Fighting
 + Level 3.2 Axes
 + Level 3.7 Armour
 + Level 3.6 Shields


You had 2 spell levels left.
You didn't know any spells.
Your spell library was empty.

Dungeon Overview and Level Annotations

Branches:
Dungeon (2/15)

Altars:

Shops:
D:1 [**:

Annotations:
D:2 Sigmund


Message History

No target in view!
No target in view!
No target in view!
You see here a dart slug corpse.
Sigmund the Dreaded comes into view.
He is wielding a +0 scythe.
Sigmund shouts!
Sigmund is nearby!
Sigmund barely misses you.
You closely miss Sigmund.
Sigmund points at you and mumbles some strange words.
The magic dart hits you.
You hit Sigmund.
Sigmund is lightly wounded.
Sigmund drinks a potion.
Sigmund's spells are empowered!
You barely miss Sigmund.
Sigmund is lightly wounded.
A rat comes into view.
Sigmund casts a spell.
Sigmund flickers and vanishes!
Deactivating autopickup; reactivate with Ctrl-A.
You slash something! Something hits you.
You closely miss something. Something hits you.
You miss something. Something hits you.
You barely miss something. Something hits you.
You are too injured to fight recklessly!
You are too injured to fight recklessly!
You feel very mighty all of a sudden.
You hear some strange, mumbled words.
A magic dart appears from out of thin air!
The magic dart hits you.
You completely miss something. Something hits you!
* * * LOW HITPOINT WARNING * * *
You slash something!
You hear some strange, mumbled words.
You are confused.
You closely miss something.
You hear some strange, mumbled words.
A magic dart appears from out of thin air!
The magic dart hits you.
You die...

.#. .. ### .# . ..#
##.#.. #.#
#####..... #.#
#.<...†...
#r##.####.##......
#{##......|.......
##@#######.#.......
##...# #.#.#....#
##.###.#
##.#.##.#.# #.##
#.###.)#<# .#.# #.#
#......<.# ^#.#
#.## ##.###.#####.#
##.###...†........#
#.............#####
#†##.##.###.#.##


You could see a rat.

Vanquished Creatures
  A dart slug (D:2)
  3 ball pythons
  An endoplasm (D:1)
  4 goblins (D:1)
  4 hobgoblins
  5 quokkas
  4 bats
  2 frilled lizards (D:1)
  2 kobolds (D:1)
  3 rats
29 creatures vanquished.

Vanquished Creatures (others)
  5 plants (D:1)
5 creatures vanquished.

Grand Total: 34 creatures vanquished

Notes
Turn   | Place    | Note
-------+----------+-------------------------------------------
     0 | D:1      | bande the Hill Orc Fighter began the quest for the Orb.
     0 | D:1      | Reached XP level 1. HP: 19/19 MP: 1/1
    14 | D:1      | Found Wosuyga's Assorted Antiques.
   407 | D:1      | Reached XP level 2. HP: 23/27 MP: 2/2
   532 | D:1      | Found Ummarcha's Assorted Antiques.
   613 | D:1      | Found Dyxib's Antique Armour Shop.
   673 | D:1      | Reached skill level 4 in Fighting
   928 | D:1      | Reached XP level 3. HP: 11/33 MP: 3/3
  1178 | D:1      | Found Widinig's Book Boutique.
  1291 | D:2      | Noticed Sigmund
  1303 | D:2      | Killed from afar by Sigmund

Illustrated notes

Levels and vault maps discovered:
D:1:      nicolae_arrival_memento_mori, layout_basic, serial_shops,
          nicolae_shop_overgrown_old_shop, shop,
          nicolae_shop_overgrown_old_shop, nicolae_square_shop,
          chequers_decorated_corner
D:2:      layout_loops_ring, basic_altar, serial_shops, shop, uniq_sigmund

Skill      XL: |  1  2 |
---------------+-------+-----
Axes           | 3 |  3.2
Fighting       | 4 |  4.1
Armour         | |  3.7
Shields        | |  3.6

Action                   || total
-------------------------++-------
Melee: War axe           ||    92
  Use: Potion            ||     1
Armor: Scale mail        ||    37
Dodge: Dodged            ||    46
Block: Buckler           ||    21

Table legend: (Time is in decaauts)
 A = Elapsed time spent in this place.
 B = Non-inter-level travel time spent in this place.
 C = Inter-level travel time spent in this place.
 D = Time resting spent in this place.
 E = Time spent auto-exploring this place.
 F = Levels seen in this place.
 G = Mean time per level.
                   A        B        C        D        E       F      G
               +--------+--------+--------+--------+--------+-----+--------+
         Total |   1339 |   1339 |      0 |    173 |    899 |   2 |  669.5 |
       Dungeon |   1339 |   1339 |      0 |    173 |    899 |   2 |  669.5 |
               +--------+--------+--------+--------+--------+-----+--------+

Top non-repeatable levels by time:
     D:1: 1255 daAuts
     D:2: 84 daAuts
